[ AOE2 MATCH · #481843959 ]
Team RMBengalis vs Burgundians
[ REPLAY ANALYSIS · EXTRACTED FROM THE RECORDED GAME ]
Feudal
13:33
Castle
27:50
Imperial
40:38
| APM avg | 12.6 |
| APM peak | 40 |
| eAPM avg | 9.3 |
| Villagers / military | 79 / 339 |
Focus
⚔️ 37.4% · 🌾 62.6%
Battle Elephant ×158 · Ratha (Ranged) ×76 · Armored Elephant ×58 · Trade Cart ×15 · Skirmisher ×15 · Trebuchet (Packed) ×14
Feudal
12:46
Castle
25:27
Imperial
41:29
| APM avg | 22.3 |
| APM peak | 73 |
| eAPM avg | 12.7 |
| Villagers / military | 132 / 1050 |
Focus
⚔️ 52.4% · 🌾 47.6%
Spearman ×558 · Skirmisher ×241 · Knight ×105 · Scorpion ×75 · Teutonic Knight ×43 · Mangonel ×24
Feudal
12:40
Castle
24:37
Imperial
40:17
| APM avg | 21.6 |
| APM peak | 441 |
| eAPM avg | 19.5 |
| Villagers / military | 119 / 778 |
Focus
⚔️ 67.9% · 🌾 32.1%
Knight ×498 · Coustillier ×261 · Trade Cart ×46 · Trebuchet (Packed) ×18 · Monk ×1
Feudal
24:10
Castle
27:44
Imperial
31:00
| APM avg | 7.0 |
| APM peak | 33 |
| eAPM avg | 5.6 |
| Villagers / military | 54 / 709 |
Focus
⚔️ 46.3% · 🌾 53.7%
Karambit Warrior ×564 · Knight ×145 · Trade Cart ×34
Feudal
—
Castle
—
Imperial
—
| APM avg | 12.8 |
| APM peak | 28 |
| eAPM avg | 8.6 |
| Villagers / military | 69 / 260 |
Focus
⚔️ 58.4% · 🌾 41.6%
Samurai ×111 · Spearman ×75 · Mangonel ×40 · Archer ×18 · Battering Ram ×9 · Trebuchet (Packed) ×5
Feudal
—
Castle
—
Imperial
—
| APM avg | 24.9 |
| APM peak | 463 |
| eAPM avg | 19.5 |
| Villagers / military | 110 / 259 |
Focus
⚔️ 49.5% · 🌾 50.5%
Spearman ×133 · Skirmisher ×56 · Leitis ×36 · Monk ×26 · Trade Cart ×9 · Bombard Cannon ×8
Feudal
—
Castle
—
Imperial
—
| APM avg | 36.0 |
| APM peak | 276 |
| eAPM avg | 34.7 |
| Villagers / military | 144 / 647 |
Focus
⚔️ 17.3% · 🌾 82.7%
War Elephant ×332 · Archer ×310 · Trade Cart ×50 · Skirmisher ×5
Feudal
12:08
Castle
23:23
Imperial
35:25
| APM avg | 11.2 |
| APM peak | 74 |
| eAPM avg | 8.9 |
| Villagers / military | 136 / 256 |
Focus
⚔️ 27.5% · 🌾 72.5%
Spearman ×256 · Trade Cart ×27 · Unknown (1959) ×27 · Unknown (1942) ×24 · Unknown (1962) ×20
Match map
Resources at game start + every placement click. Thick line = wall · dashed box = detected house wall. 🟡 gold · ⚪ stone · 🟢 berries · 🔶 boar · ⭕ relic
Your base· Open — unwalled flank
Storm_Angel's base· ✓ Closed at 25:27 · 48t walls
julien315550's base· ✓ Closed at 24:37 · 0t walls
georgi_atanasov's base· Open — unwalled flank
ngoodnight01's base· ✓ Closed at 24:34 · 31t walls
QuimWins's base· Open — unwalled flank
GodAres1994's base· Open — unwalled flank
羊驼驼咩's base· ✓ Closed at 23:23 · 0t walls
Elevation-shaded terrain · ⚠ = detected wall gap · hover for details
Inputs per minute
— Lukrat - - Storm_Angel
Build order — Lukrat
First 150 of 460 actions detected
| 0:11 | Build | House |
| 0:13 | Build | House |
| 0:14 | Build | House |
| 0:14 | Build | House |
| 0:17 | Create | Villager (Male) ×4 |
| 0:18 | Research | Loom |
| 3:10 | Create | Villager (Male) |
| 3:10 | Create | Villager (Male) |
| 3:10 | Create | Villager (Male) |
| 3:40 | Create | Villager (Male) |
| 3:41 | Create | Villager (Male) |
| 4:49 | Build | Mill |
| 5:37 | Create | Villager (Male) |
| 6:16 | Create | Villager (Male) |
| 6:17 | Create | Villager (Male) |
| 6:21 | Create | Villager (Male) |
| 6:24 | Create | Villager (Male) |
| 6:25 | Create | Villager (Male) |
| 6:27 | Create | Villager (Male) |
| 7:35 | Create | Villager (Male) |
| 9:04 | Build | Lumber Camp |
| 9:13 | Create | Villager (Male) |
| 9:13 | Create | Villager (Male) |
| 9:14 | Create | Villager (Male) |
| 9:48 | Build | Mining Camp |
| 10:19 | Build | Mining Camp |
| 10:53 | Build | Barracks |
| 11:23 | Research | Feudal Age |
| 12:14 | Build | House |
| 12:49 | Build | House |
| 12:55 | Build | House |
| 12:59 | Build | House |
| 13:33 | Age | Feudal Age |
| 13:33 | Research | Wheelbarrow |
| 13:37 | Research | Double-Bit Axe |
| 13:48 | Build | Mill |
| 13:54 | Research | Gold Mining |
| 13:59 | Create | Villager (Male) |
| 13:59 | Create | Villager (Male) |
| 14:17 | Build | Archery Range |
| 15:34 | Build | Blacksmith |
| 15:55 | Create | Villager (Male) |
| 15:56 | Create | Villager (Male) |
| 15:56 | Create | Villager (Male) |
| 15:56 | Create | Villager (Male) |
| 15:56 | Create | Villager (Male) |
| 16:08 | Create | Archer |
| 16:08 | Create | Archer |
| 16:08 | Create | Archer |
| 16:08 | Create | Archer |
| 16:09 | Create | Archer |
| 16:37 | Create | Villager (Male) |
| 16:37 | Create | Villager (Male) |
| 17:50 | Build | Stone Wall |
| 18:18 | Build | Stone Wall |
| 18:33 | Build | Farm |
| 18:34 | Build | Farm |
| 18:35 | Build | Farm |
| 18:35 | Build | Farm |
| 18:36 | Build | Farm |
| 18:38 | Research | Horse Collar |
| 18:41 | Research | Stone Mining |
| 18:43 | Research | Town Watch |
| 18:46 | Create | Villager (Male) |
| 18:47 | Create | Villager (Male) |
| 18:47 | Create | Villager (Male) |
| 18:48 | Create | Villager (Male) |
| 19:13 | Create | Archer |
| 19:14 | Create | Archer |
| 19:14 | Create | Archer |
| 19:15 | Create | Archer |
| 19:15 | Create | Archer |
| 19:23 | Build | Farm |
| 19:24 | Build | Farm |
| 19:24 | Build | Farm |
| 19:25 | Build | Farm |
| 19:26 | Build | Farm |
| 19:27 | Build | Farm |
| 19:50 | Build | Stone Wall |
| 20:00 | Build | Building 490 |
| 20:13 | Build | Farm |
| 20:17 | Build | Farm |
| 20:21 | Build | Farm |
| 20:26 | Build | Farm |
| 20:34 | Build | House |
| 20:54 | Build | House |
| 20:59 | Create | Villager (Male) |
| 21:10 | Build | House |
| 21:12 | Build | House |
| 21:23 | Build | Building 490 |
| 21:30 | Build | House |
| 21:54 | Research | Padded Archer Armor |
| 21:54 | Research | Fletching |
| 22:18 | Create | Villager (Male) |
| 22:19 | Create | Villager (Male) |
| 22:19 | Create | Villager (Male) |
| 22:20 | Create | Villager (Male) |
| 25:06 | Build | Market |
| 25:10 | Research | Castle Age |
| 25:35 | Build | House |
| 25:36 | Build | House |
| 25:39 | Build | House |
| 25:41 | Build | House |
| 25:42 | Build | House |
| 25:43 | Build | House |
| 25:44 | Build | House |
| 25:45 | Build | House |
| 25:47 | Build | House |
| 25:48 | Build | House |
| 25:51 | Build | House |
| 25:55 | Build | House |
| 25:57 | Build | House |
| 26:18 | Research | Arson |
| 26:53 | Build | Lumber Camp |
| 27:50 | Age | Castle Age |
| 27:51 | Research | Hand Cart |
| 27:55 | Research | Bow Saw |
| 27:57 | Research | Heavy Plow |
| 28:00 | Research | Gold Shaft Mining |
| 28:13 | Build | Town Center |
| 28:27 | Research | Caravan |
| 28:28 | Create | Trade Cart |
| 28:28 | Create | Trade Cart |
| 28:28 | Create | Trade Cart |
| 28:28 | Create | Trade Cart |
| 28:29 | Create | Trade Cart |
| 29:21 | Create | Villager (Male) |
| 29:21 | Create | Villager (Male) |
| 29:21 | Create | Villager (Male) |
| 29:22 | Create | Villager (Male) |
| 29:22 | Create | Villager (Male) |
| 29:22 | Create | Villager (Male) |
| 29:22 | Create | Villager (Male) |
| 29:23 | Create | Villager (Male) |
| 29:24 | Create | Villager (Male) |
| 29:24 | Create | Villager (Male) |
| 29:32 | Create | Villager (Male) |
| 29:32 | Create | Villager (Male) |
| 29:33 | Create | Villager (Male) |
| 29:43 | Create | Villager (Male) |
| 29:44 | Create | Villager (Male) |
| 30:12 | Create | Villager (Male) |
| 30:24 | Research | Crossbowman (upgrade) |
| 30:42 | Build | Farm |
| 30:53 | Build | University |
| 31:10 | Build | Monastery |
| 31:18 | Build | Farm |
| 31:23 | Build | Farm |
| 31:38 | Build | Castle |
| 32:00 | Build | Farm |
Build order — Storm_Angel
First 150 of 620 actions detected
| 0:09 | Create | Villager (Male) |
| 0:10 | Research | Loom |
| 0:11 | Create | Villager (Male) |
| 0:11 | Create | Villager (Male) |
| 0:11 | Create | Villager (Male) |
| 0:51 | Build | House |
| 0:59 | Build | House |
| 1:02 | Build | House |
| 1:05 | Build | House |
| 2:35 | Create | Villager (Male) |
| 3:13 | Create | Villager (Male) |
| 3:14 | Create | Villager (Male) |
| 3:32 | Build | Mill |
| 3:36 | Create | Villager (Male) |
| 4:00 | Create | Villager (Male) |
| 4:31 | Create | Villager (Male) |
| 4:54 | Create | Villager (Male) |
| 4:54 | Create | Villager (Male) |
| 5:17 | Create | Villager (Male) |
| 5:17 | Create | Villager (Male) |
| 5:26 | Create | Villager (Male) |
| 5:38 | Create | Villager (Male) |
| 5:38 | Create | Villager (Male) |
| 6:06 | Create | Villager (Male) |
| 6:31 | Create | Villager (Male) |
| 6:32 | Create | Villager (Male) |
| 6:51 | Build | Lumber Camp |
| 7:04 | Create | Villager (Male) |
| 7:05 | Create | Villager (Male) |
| 7:05 | Create | Villager (Male) |
| 7:05 | Create | Villager (Male) |
| 7:05 | Create | Villager (Male) |
| 7:29 | Create | Villager (Male) |
| 7:29 | Create | Villager (Male) |
| 8:03 | Create | Villager (Male) |
| 8:03 | Create | Villager (Male) |
| 8:16 | Build | House |
| 9:04 | Create | Villager (Male) |
| 9:16 | Build | Farm |
| 9:39 | Build | Farm |
| 9:47 | Build | House |
| 10:36 | Research | Feudal Age |
| 10:42 | Build | House |
| 10:45 | Build | House |
| 10:47 | Build | House |
| 10:50 | Build | House |
| 10:57 | Build | House |
| 11:02 | Build | House |
| 11:15 | Create | Villager (Male) |
| 11:15 | Create | Villager (Male) |
| 11:16 | Create | Villager (Male) |
| 11:52 | Build | Lumber Camp |
| 11:59 | Create | Villager (Male) |
| 11:59 | Create | Villager (Male) |
| 12:00 | Create | Villager (Male) |
| 12:25 | Create | Villager (Male) |
| 12:26 | Create | Villager (Male) |
| 12:44 | Create | Villager (Male) |
| 12:44 | Create | Villager (Male) |
| 12:46 | Create | Villager (Male) |
| 12:46 | Age | Feudal Age |
| 12:49 | Create | Villager (Male) |
| 12:49 | Create | Villager (Male) |
| 12:49 | Create | Villager (Male) |
| 13:12 | Build | Building 487 |
| 13:53 | Build | Barracks |
| 14:14 | Build | Lumber Camp |
| 14:46 | Build | Mining Camp |
| 15:04 | Build | Market |
| 15:20 | Build | Farm |
| 15:22 | Build | Farm |
| 15:23 | Build | Farm |
| 15:24 | Build | Farm |
| 15:31 | Build | Farm |
| 15:34 | Create | Villager (Male) ×5 |
| 15:34 | Create | Villager (Male) ×5 |
| 15:34 | Create | Villager (Male) ×3 |
| 15:57 | Build | Farm |
| 16:11 | Build | Lumber Camp |
| 16:30 | Build | Archery Range |
| 16:43 | Build | Stone Wall |
| 16:55 | Build | Mining Camp |
| 17:06 | Create | Villager (Male) |
| 17:06 | Create | Villager (Male) |
| 17:06 | Create | Villager (Male) |
| 17:07 | Create | Villager (Male) |
| 17:07 | Create | Villager (Male) |
| 17:07 | Create | Villager (Male) |
| 17:07 | Create | Villager (Male) |
| 17:08 | Create | Villager (Male) |
| 17:33 | Build | Stable |
| 17:46 | Build | Farm |
| 17:56 | Build | Farm |
| 18:00 | Build | Farm |
| 18:08 | Build | Farm |
| 18:16 | Build | Farm |
| 18:32 | Build | Farm |
| 18:40 | Build | Barracks |
| 18:46 | Build | House |
| 18:52 | Build | Farm |
| 19:12 | Create | Skirmisher |
| 19:13 | Create | Skirmisher |
| 19:13 | Create | Skirmisher |
| 19:13 | Create | Skirmisher |
| 19:13 | Create | Skirmisher |
| 19:41 | Build | Lumber Camp |
| 20:05 | Build | Barracks |
| 20:46 | Build | Blacksmith |
| 20:57 | Build | Farm |
| 21:21 | Build | Archery Range |
| 21:24 | Create | Spearman |
| 21:24 | Create | Spearman |
| 21:24 | Create | Spearman |
| 21:24 | Create | Spearman |
| 22:24 | Build | Stone Wall |
| 22:28 | Research | Castle Age |
| 22:51 | Build | Mining Camp |
| 23:06 | Build | Archery Range |
| 23:16 | Create | Skirmisher ×5 |
| 23:29 | Research | Wheelbarrow |
| 23:30 | Research | Town Watch |
| 23:34 | Create | Villager (Male) ×4 |
| 23:34 | Create | Villager (Male) ×4 |
| 23:34 | Create | Villager (Male) |
| 24:30 | Research | Fletching |
| 24:30 | Research | Padded Archer Armor |
| 24:43 | Build | Stable |
| 24:45 | Build | Stable |
| 24:52 | Create | Skirmisher ×5 |
| 24:52 | Create | Skirmisher ×5 |
| 24:52 | Create | Skirmisher |
| 25:27 | Age | Castle Age |
| 25:33 | Build | House |
| 25:35 | Build | House |
| 25:36 | Build | House |
| 25:38 | Build | House |
| 25:39 | Build | House |
| 25:49 | Research | Double-Bit Axe |
| 25:51 | Research | Horse Collar |
| 26:27 | Build | Town Center |
| 26:33 | Research | Heavy Plow |
| 26:40 | Research | Gold Mining |
| 26:50 | Build | Siege Workshop |
| 27:04 | Research | Pikeman (upgrade) |
| 27:11 | Create | Spearman |
| 27:12 | Create | Spearman |
| 27:12 | Create | Spearman |
| 27:29 | Research | Stone Mining |
| 27:47 | Create | Mangonel |
| 27:47 | Create | Mangonel |
Build order — julien315550
First 150 of 1100 actions detected
| 0:14 | Build | House |
| 0:17 | Create | Villager (Male) |
| 0:17 | Create | Villager (Male) |
| 0:17 | Create | Villager (Male) |
| 0:17 | Create | Villager (Male) |
| 0:18 | Create | Villager (Male) |
| 0:18 | Research | Loom |
| 0:49 | Build | House |
| 1:40 | Build | House |
| 1:43 | Build | House |
| 2:34 | Build | Lumber Camp |
| 2:37 | Create | Villager (Male) |
| 2:38 | Create | Villager (Male) |
| 3:10 | Create | Villager (Male) |
| 4:21 | Create | Villager (Male) |
| 4:21 | Create | Villager (Male) |
| 4:22 | Create | Villager (Male) |
| 4:22 | Create | Villager (Male) |
| 4:22 | Create | Villager (Male) |
| 5:09 | Create | Villager (Male) |
| 5:09 | Create | Villager (Male) |
| 5:09 | Create | Villager (Male) |
| 5:09 | Create | Villager (Male) |
| 5:43 | Create | Villager (Male) |
| 5:43 | Create | Villager (Male) |
| 5:43 | Create | Villager (Male) |
| 5:44 | Create | Villager (Male) |
| 6:23 | Create | Villager (Male) |
| 6:24 | Create | Villager (Male) |
| 9:20 | Build | Mill |
| 10:30 | Research | Feudal Age |
| 10:46 | Research | Double-Bit Axe |
| 10:50 | Research | Horse Collar |
| 11:32 | Build | House |
| 11:42 | Build | House |
| 11:46 | Build | House |
| 11:50 | Build | House |
| 11:54 | Build | House |
| 12:40 | Age | Feudal Age |
| 12:51 | Research | Wheelbarrow |
| 12:57 | Research | Heavy Plow |
| 12:59 | Research | Bow Saw |
| 13:05 | Create | Villager (Male) |
| 13:05 | Create | Villager (Male) |
| 13:55 | Build | House |
| 13:59 | Build | House |
| 14:10 | Create | Villager (Male) |
| 14:10 | Create | Villager (Male) |
| 15:19 | Build | Market |
| 16:17 | Create | Villager (Male) |
| 16:17 | Create | Villager (Male) |
| 16:17 | Create | Villager (Male) |
| 16:18 | Create | Villager (Male) |
| 16:19 | Create | Villager (Male) |
| 16:19 | Create | Villager (Male) |
| 17:42 | Build | Mining Camp |
| 18:24 | Build | Market |
| 18:56 | Build | Farm |
| 19:01 | Build | Farm |
| 19:07 | Build | Farm |
| 19:12 | Build | Farm |
| 19:21 | Build | Farm |
| 19:28 | Build | Farm |
| 19:36 | Build | Farm |
| 19:43 | Build | Farm |
| 19:50 | Build | Farm |
| 19:57 | Build | Farm |
| 20:21 | Build | Farm |
| 20:26 | Build | Farm |
| 20:45 | Build | Blacksmith |
| 21:57 | Research | Castle Age |
| 22:50 | Build | Mining Camp |
| 24:37 | Age | Castle Age |
| 24:58 | Build | Town Center |
| 25:17 | Build | Town Center |
| 25:29 | Build | Town Center |
| 25:36 | Research | Hand Cart |
| 26:08 | Build | Town Center |
| 26:57 | Research | Stone Mining |
| 26:58 | Research | Gold Mining |
| 27:28 | Build | Town Center |
| 28:57 | Create | Villager (Male) |
| 28:57 | Create | Villager (Male) |
| 28:57 | Create | Villager (Male) |
| 28:58 | Create | Villager (Male) |
| 28:58 | Create | Villager (Male) |
| 28:58 | Create | Villager (Male) |
| 28:58 | Create | Villager (Male) |
| 28:58 | Create | Villager (Male) |
| 28:58 | Create | Villager (Male) |
| 28:59 | Create | Villager (Male) |
| 28:59 | Create | Villager (Male) |
| 28:59 | Create | Villager (Male) |
| 28:59 | Create | Villager (Male) |
| 29:00 | Create | Villager (Male) |
| 29:00 | Create | Villager (Male) |
| 29:00 | Create | Villager (Male) |
| 29:00 | Create | Villager (Male) |
| 29:00 | Create | Villager (Male) |
| 29:00 | Create | Villager (Male) |
| 29:01 | Create | Villager (Male) |
| 29:01 | Create | Villager (Male) |
| 29:01 | Create | Villager (Male) |
| 29:01 | Create | Villager (Male) |
| 29:01 | Create | Villager (Male) |
| 29:01 | Create | Villager (Male) |
| 29:02 | Create | Villager (Male) |
| 29:02 | Create | Villager (Male) |
| 29:02 | Create | Villager (Male) |
| 29:02 | Create | Villager (Male) |
| 29:03 | Create | Villager (Male) |
| 29:36 | Build | Farm |
| 29:40 | Build | Farm |
| 29:45 | Build | Farm |
| 29:49 | Build | Farm |
| 29:56 | Build | Farm |
| 30:02 | Build | Farm |
| 30:08 | Build | Farm |
| 30:12 | Build | Farm |
| 30:17 | Build | Farm |
| 30:24 | Create | Villager (Male) |
| 30:24 | Create | Villager (Male) |
| 30:24 | Create | Villager (Male) |
| 30:24 | Create | Villager (Male) |
| 30:35 | Build | Farm |
| 30:51 | Create | Villager (Male) |
| 30:52 | Create | Villager (Male) |
| 30:54 | Research | Two-Man Saw |
| 31:04 | Research | Crop Rotation |
| 31:10 | Build | Farm |
| 31:23 | Build | Lumber Camp |
| 31:39 | Research | Gold Shaft Mining |
| 31:40 | Research | Stone Shaft Mining |
| 32:19 | Build | Mining Camp |
| 32:26 | Create | Villager (Male) |
| 32:27 | Create | Villager (Male) |
| 32:27 | Create | Villager (Male) |
| 32:27 | Create | Villager (Male) |
| 32:27 | Create | Villager (Male) |
| 32:27 | Create | Villager (Male) |
| 32:27 | Create | Villager (Male) |
| 32:28 | Create | Villager (Male) |
| 32:28 | Create | Villager (Male) |
| 32:28 | Create | Villager (Male) |
| 32:28 | Create | Villager (Male) |
| 32:50 | Create | Villager (Male) |
| 32:51 | Create | Villager (Male) |
| 32:51 | Create | Villager (Male) |
| 32:58 | Create | Villager (Male) |
| 32:58 | Create | Villager (Male) |
Build order — georgi_atanasov
First 150 of 353 actions detected
| 0:05 | Build | House |
| 0:09 | Create | Villager (Male) |
| 0:09 | Create | Villager (Male) |
| 0:09 | Create | Villager (Male) |
| 0:09 | Create | Villager (Male) |
| 1:06 | Build | House |
| 1:07 | Build | House |
| 1:09 | Build | House |
| 1:37 | Create | Villager (Male) |
| 2:13 | Create | Villager (Male) |
| 2:42 | Create | Villager (Male) |
| 2:49 | Create | Villager (Male) |
| 3:19 | Create | Villager (Male) |
| 3:34 | Create | Villager (Male) |
| 4:07 | Build | Mill |
| 4:14 | Create | Villager (Male) |
| 4:14 | Create | Villager (Male) |
| 4:32 | Create | Villager (Male) |
| 4:58 | Create | Villager (Male) |
| 6:10 | Create | Villager (Male) |
| 7:02 | Create | Villager (Male) |
| 7:02 | Create | Villager (Male) |
| 7:02 | Create | Villager (Male) |
| 7:03 | Create | Villager (Male) |
| 7:03 | Create | Villager (Male) |
| 7:03 | Create | Villager (Male) |
| 7:04 | Create | Villager (Male) |
| 7:16 | Build | House |
| 7:56 | Create | Villager (Male) |
| 8:33 | Create | Villager (Male) ×5 |
| 8:33 | Create | Villager (Male) ×2 |
| 8:41 | Build | House |
| 8:52 | Create | Villager (Male) |
| 8:52 | Create | Villager (Male) |
| 9:59 | Create | Villager (Male) ×3 |
| 10:16 | Build | Lumber Camp |
| 10:23 | Create | Villager (Male) |
| 10:23 | Create | Villager (Male) |
| 11:01 | Create | Villager (Male) ×2 |
| 12:19 | Build | House |
| 12:21 | Build | House |
| 12:24 | Build | House |
| 12:26 | Build | House |
| 13:22 | Create | Villager (Male) ×5 |
| 13:22 | Create | Villager (Male) ×2 |
| 13:31 | Build | Mining Camp |
| 13:57 | Create | Villager (Male) |
| 14:31 | Create | Villager (Male) |
| 14:32 | Create | Villager (Male) |
| 14:41 | Build | Farm |
| 14:43 | Build | Farm |
| 14:44 | Build | Farm |
| 14:46 | Build | Farm |
| 14:47 | Build | Farm |
| 14:51 | Build | Farm |
| 14:53 | Build | Farm |
| 15:04 | Build | Farm |
| 15:05 | Build | Farm |
| 15:07 | Build | Farm |
| 15:09 | Build | Farm |
| 15:10 | Build | Farm |
| 15:12 | Build | Farm |
| 15:16 | Build | Farm |
| 15:19 | Build | Farm |
| 15:24 | Build | Farm |
| 15:38 | Build | Farm |
| 15:45 | Create | Villager (Male) ×2 |
| 15:48 | Create | Villager (Male) |
| 16:44 | Create | Villager (Male) |
| 16:44 | Create | Villager (Male) |
| 17:57 | Research | Feudal Age |
| 19:12 | Build | Mining Camp |
| 20:09 | Build | Lumber Camp |
| 21:19 | Build | House |
| 21:23 | Build | House |
| 21:24 | Build | House |
| 21:26 | Build | House |
| 22:39 | Build | Barracks |
| 24:10 | Age | Feudal Age |
| 24:16 | Build | Blacksmith |
| 24:17 | Build | Blacksmith |
| 24:18 | Build | Blacksmith |
| 24:25 | Research | Stone Mining |
| 24:26 | Research | Gold Mining |
| 24:28 | Research | Wheelbarrow |
| 24:28 | Research | Town Watch |
| 24:32 | Research | Double-Bit Axe |
| 24:35 | Research | Horse Collar |
| 24:43 | Build | Market |
| 24:47 | Build | Market |
| 24:51 | Build | Market |
| 24:54 | Build | Market |
| 24:57 | Build | Market |
| 25:05 | Build | Farm |
| 25:16 | Build | Farm |
| 25:37 | Research | Castle Age |
| 26:38 | Create | Trade Cart ×2 |
| 26:45 | Build | Farm |
| 27:06 | Build | Farm |
| 27:11 | Build | Farm |
| 27:15 | Build | Farm |
| 27:33 | Build | Farm |
| 27:44 | Age | Castle Age |
| 27:49 | Build | Castle |
| 27:50 | Build | Castle |
| 27:53 | Build | Castle |
| 28:02 | Build | Mining Camp |
| 28:08 | Research | Caravan |
| 28:26 | Research | Town Patrol |
| 28:35 | Research | Bow Saw |
| 28:46 | Research | Heavy Plow |
| 28:48 | Research | Imperial Age |
| 31:00 | Age | Imperial Age |
| 31:03 | Research | Conscription |
| 31:37 | Research | Elite Karambit Warrior (upgrade) |
| 31:56 | Create | Trade Cart ×5 |
| 31:56 | Create | Trade Cart ×5 |
| 31:59 | Create | Trade Cart ×2 |
| 32:37 | Research | Stone Shaft Mining |
| 32:37 | Research | Gold Shaft Mining |
| 32:58 | Research | Crop Rotation |
| 34:44 | Research | Fletching |
| 34:44 | Research | Padded Archer Armor |
| 34:45 | Research | Forging |
| 35:00 | Create | Karambit Warrior ×5 |
| 35:01 | Create | Karambit Warrior ×5 |
| 35:01 | Create | Karambit Warrior ×5 |
| 35:01 | Create | Karambit Warrior ×5 |
| 35:01 | Create | Karambit Warrior ×4 |
| 36:01 | Research | Squires |
| 36:02 | Research | Arson |
| 36:16 | Research | Iron Casting |
| 36:36 | Build | Mining Camp |
| 38:29 | Build | Lumber Camp |
| 38:39 | Research | Blast Furnace |
| 38:52 | Build | Castle |
| 38:54 | Build | Castle |
| 38:59 | Build | Castle |
| 39:10 | Build | Mill |
| 39:14 | Build | Farm |
| 39:15 | Build | Farm |
| 39:16 | Build | Farm |
| 39:18 | Build | Farm |
| 39:19 | Build | Farm |
| 39:20 | Build | Farm |
| 39:21 | Build | Farm |
| 39:23 | Build | Farm |
| 39:27 | Build | Mill |
| 39:30 | Build | Farm |
| 39:32 | Build | Farm |
Build order — ngoodnight01
First 150 of 433 actions detected
| 0:13 | Build | House |
| 0:15 | Build | House |
| 0:16 | Build | House |
| 0:18 | Build | House |
| 0:47 | Create | Villager (Male) |
| 0:47 | Create | Villager (Male) |
| 0:48 | Create | Villager (Male) |
| 0:48 | Create | Villager (Male) |
| 0:49 | Research | Loom |
| 2:08 | Create | Villager (Male) |
| 2:19 | Build | Mill |
| 2:51 | Create | Villager (Male) |
| 3:28 | Create | Villager (Male) |
| 3:50 | Create | Villager (Male) |
| 4:17 | Create | Villager (Male) |
| 4:44 | Build | Mining Camp |
| 5:17 | Create | Villager (Male) |
| 5:18 | Create | Villager (Male) |
| 5:58 | Build | Lumber Camp |
| 6:58 | Create | Villager (Male) |
| 6:59 | Create | Villager (Male) |
| 7:01 | Create | Villager (Male) |
| 7:06 | Create | Villager (Male) |
| 7:35 | Build | Mining Camp |
| 7:59 | Create | Villager (Male) |
| 7:59 | Create | Villager (Male) |
| 10:31 | Create | Villager (Male) |
| 11:12 | Build | Barracks |
| 12:09 | Build | Barracks |
| 12:50 | Research | Feudal Age |
| 14:04 | Build | Barracks |
| 14:19 | Create | Villager (Male) |
| 14:27 | Build | House |
| 14:28 | Build | House |
| 14:29 | Build | House |
| 14:32 | Build | House |
| 14:33 | Build | House |
| 14:34 | Build | House |
| 14:36 | Build | House |
| 15:06 | Research | Man-at-Arms (upgrade) |
| 15:12 | Build | Archery Range |
| 15:30 | Build | Farm |
| 16:10 | Create | Villager (Male) |
| 16:10 | Create | Villager (Male) |
| 16:40 | Build | Watch Tower |
| 16:45 | Create | Archer |
| 16:45 | Create | Archer |
| 16:51 | Build | Farm |
| 16:55 | Create | Villager (Male) |
| 17:03 | Build | Farm |
| 17:10 | Research | Town Watch |
| 17:44 | Build | Farm |
| 17:47 | Create | Villager (Male) |
| 17:52 | Create | Villager (Male) |
| 18:32 | Build | Stone Wall |
| 18:58 | Build | Farm |
| 19:10 | Build | Market |
| 19:34 | Create | Villager (Male) |
| 19:34 | Create | Villager (Male) |
| 19:35 | Create | Villager (Male) |
| 19:47 | Build | Stone Wall |
| 20:12 | Build | Stable |
| 20:15 | Create | Spearman |
| 20:15 | Create | Spearman |
| 20:46 | Build | Stone Wall |
| 21:26 | Build | Stone Wall |
| 21:34 | Create | Archer |
| 21:34 | Create | Archer |
| 21:34 | Create | Archer |
| 21:35 | Create | Archer |
| 21:35 | Create | Archer |
| 22:48 | Build | Blacksmith |
| 23:20 | Build | Stone Wall |
| 24:12 | Build | Mining Camp |
| 24:34 | Research | Castle Age |
| 24:44 | Build | Farm |
| 24:48 | Build | Farm |
| 24:51 | Build | Farm |
| 25:02 | Build | Lumber Camp |
| 25:07 | Create | Villager (Male) |
| 25:07 | Create | Villager (Male) |
| 25:24 | Create | Militia |
| 25:24 | Create | Militia |
| 26:25 | Create | Villager (Male) |
| 26:29 | Create | Spearman |
| 26:29 | Create | Spearman |
| 27:50 | Build | Castle |
| 27:53 | Create | Villager (Male) |
| 27:54 | Create | Villager (Male) |
| 28:13 | Research | Pikeman (upgrade) |
| 28:50 | Build | Farm |
| 28:57 | Create | Villager (Male) |
| 28:58 | Create | Villager (Male) |
| 29:03 | Build | Farm |
| 29:23 | Create | Trade Cart |
| 29:24 | Create | Trade Cart |
| 29:27 | Build | Farm |
| 29:32 | Create | Villager (Male) |
| 29:51 | Build | Farm |
| 30:30 | Build | Monastery |
| 30:35 | Build | University |
| 30:42 | Create | Villager (Male) |
| 30:43 | Create | Villager (Male) |
| 31:07 | Build | Stone Wall |
| 31:16 | Build | Building 490 |
| 31:29 | Build | Farm |
| 31:33 | Create | Villager (Male) |
| 31:41 | Build | Mining Camp |
| 32:00 | Research | Fortified Wall (upgrade) |
| 32:05 | Build | Farm |
| 32:09 | Create | Villager (Male) |
| 32:10 | Create | Villager (Male) |
| 32:21 | Create | Trade Cart |
| 32:21 | Create | Trade Cart |
| 32:42 | Create | Spearman |
| 32:42 | Create | Spearman |
| 32:42 | Create | Spearman |
| 32:50 | Build | Farm |
| 33:26 | Create | Villager (Male) |
| 33:26 | Create | Villager (Male) |
| 33:27 | Create | Villager (Male) |
| 34:11 | Create | Spearman |
| 34:11 | Create | Spearman |
| 35:05 | Create | Villager (Male) |
| 35:05 | Create | Villager (Male) |
| 35:29 | Build | Siege Workshop |
| 35:35 | Research | Squires |
| 35:36 | Research | Gambesons |
| 35:37 | Research | Arson |
| 35:59 | Build | Building 673 |
| 37:02 | Research | Crossbowman (upgrade) |
| 37:03 | Research | Thumb Ring |
| 37:07 | Create | Archer |
| 37:07 | Create | Archer |
| 37:08 | Create | Archer |
| 37:33 | Build | Castle |
| 37:59 | Build | Stone Wall |
| 38:46 | Research | Caravan |
| 39:53 | Build | Stone Wall |
| 40:02 | Build | Building 673 |
| 40:36 | Build | Stable |
| 40:42 | Build | Siege Workshop |
| 41:16 | Build | Stone Wall |
| 41:46 | Build | Town Center |
| 42:11 | Research | Imperial Age |
| 42:18 | Create | Spearman |
| 42:18 | Create | Spearman |
| 42:25 | Create | Samurai |
| 42:25 | Create | Samurai |
| 42:26 | Create | Samurai |
Build order — QuimWins
First 150 of 579 actions detected
| 0:07 | Research | Loom |
| 0:07 | Create | Villager (Male) |
| 0:08 | Create | Villager (Male) |
| 0:12 | Build | House |
| 0:17 | Create | Villager (Male) |
| 0:42 | Build | House |
| 0:45 | Build | House |
| 1:18 | Create | Villager (Male) |
| 1:20 | Create | Villager (Male) |
| 1:21 | Create | Villager (Male) |
| 1:46 | Build | House |
| 2:18 | Build | Mill |
| 3:12 | Create | Villager (Male) |
| 3:13 | Create | Villager (Male) |
| 3:14 | Create | Villager (Male) |
| 3:47 | Create | Villager (Male) |
| 4:22 | Create | Villager (Male) |
| 4:44 | Create | Villager (Male) |
| 5:17 | Create | Villager (Male) |
| 6:29 | Create | Villager (Male) |
| 6:30 | Create | Villager (Male) |
| 7:01 | Build | Lumber Camp |
| 7:06 | Create | Villager (Male) |
| 7:14 | Create | Villager (Male) |
| 8:04 | Research | Feudal Age |
| 8:53 | Create | Villager (Male) |
| 10:27 | Build | Stone Wall |
| 10:40 | Build | Building 665 |
| 10:47 | Build | Building 490 |
| 10:51 | Research | Wheelbarrow |
| 10:51 | Research | Town Watch |
| 10:59 | Build | Stone Wall |
| 11:01 | Build | Building 490 |
| 12:08 | Create | Villager (Male) |
| 12:08 | Create | Villager (Male) |
| 12:18 | Build | Stone Wall |
| 12:29 | Build | Stone Wall |
| 12:36 | Create | Villager (Male) |
| 13:11 | Build | House |
| 13:12 | Build | House |
| 13:13 | Build | House |
| 13:16 | Build | House |
| 13:29 | Build | Outpost |
| 13:35 | Build | Outpost |
| 13:54 | Build | Market |
| 14:10 | Build | Blacksmith |
| 14:13 | Create | Villager (Male) |
| 14:14 | Create | Villager (Male) |
| 14:14 | Create | Villager (Male) |
| 14:28 | Build | Farm |
| 14:33 | Build | Farm |
| 14:37 | Create | Villager (Male) |
| 14:41 | Build | Farm |
| 14:50 | Build | Farm |
| 14:52 | Build | Farm |
| 15:10 | Build | Farm |
| 15:14 | Research | Double-Bit Axe |
| 16:08 | Create | Villager (Male) |
| 16:15 | Build | Farm |
| 16:17 | Build | Farm |
| 16:18 | Build | Farm |
| 16:30 | Build | Mining Camp |
| 16:39 | Create | Villager (Male) |
| 16:42 | Build | Farm |
| 16:45 | Create | Villager (Male) |
| 16:58 | Build | Mining Camp |
| 17:13 | Create | Villager (Male) |
| 17:17 | Build | Farm |
| 17:22 | Build | Farm |
| 17:26 | Create | Villager (Male) |
| 17:52 | Research | Gold Mining |
| 18:11 | Build | Farm |
| 18:15 | Research | Horse Collar |
| 18:17 | Create | Villager (Male) |
| 18:25 | Build | Farm |
| 18:33 | Create | Villager (Male) |
| 19:02 | Build | Farm |
| 19:16 | Build | Farm |
| 19:20 | Create | Villager (Male) |
| 19:41 | Create | Villager (Male) |
| 19:48 | Build | Farm |
| 20:03 | Create | Villager (Male) |
| 20:13 | Research | Castle Age |
| 20:19 | Build | Farm |
| 20:50 | Build | Barracks |
| 21:33 | Build | Stone Wall |
| 21:37 | Build | Farm |
| 21:48 | Build | Archery Range |
| 22:25 | Build | Archery Range |
| 22:31 | Build | Building 487 |
| 22:36 | Build | Barracks |
| 22:43 | Create | Villager (Male) |
| 22:43 | Create | Villager (Male) |
| 22:52 | Create | Villager (Male) |
| 22:57 | Research | Stone Mining |
| 23:17 | Research | Bow Saw |
| 23:24 | Research | Town Patrol |
| 23:48 | Build | Farm |
| 23:59 | Research | Stone Shaft Mining |
| 24:06 | Build | Mining Camp |
| 24:15 | Create | Villager (Male) |
| 24:16 | Create | Villager (Male) |
| 24:16 | Create | Villager (Male) |
| 24:16 | Create | Villager (Male) |
| 24:17 | Create | Villager (Male) |
| 24:59 | Build | Farm |
| 25:54 | Build | House |
| 26:08 | Research | Hand Cart |
| 26:13 | Build | House |
| 26:19 | Build | Farm |
| 26:47 | Create | Villager (Male) |
| 26:48 | Create | Villager (Male) |
| 26:49 | Create | Villager (Male) |
| 27:35 | Create | Villager (Male) |
| 28:09 | Build | Town Center |
| 28:13 | Create | Villager (Male) |
| 28:13 | Create | Villager (Male) |
| 28:14 | Create | Villager (Male) |
| 28:14 | Create | Villager (Male) |
| 28:14 | Create | Villager (Male) |
| 28:36 | Build | Castle |
| 28:46 | Create | Villager (Male) |
| 28:46 | Create | Villager (Male) |
| 29:04 | Build | House |
| 29:07 | Build | Building 487 |
| 29:12 | Build | House |
| 29:14 | Build | House |
| 29:17 | Build | House |
| 29:34 | Build | Town Center |
| 29:41 | Create | Villager (Male) |
| 29:42 | Create | Villager (Male) |
| 29:42 | Create | Villager (Male) |
| 29:42 | Create | Villager (Male) |
| 29:43 | Create | Villager (Male) |
| 29:43 | Create | Villager (Male) |
| 29:44 | Create | Villager (Male) |
| 29:44 | Create | Villager (Male) |
| 29:44 | Create | Villager (Male) |
| 29:45 | Create | Villager (Male) |
| 30:11 | Build | University |
| 30:18 | Build | House |
| 30:31 | Create | Villager (Male) |
| 30:31 | Create | Villager (Male) |
| 30:31 | Create | Villager (Male) |
| 30:32 | Create | Villager (Male) |
| 30:41 | Create | Villager (Male) |
| 30:41 | Create | Villager (Male) |
| 30:41 | Create | Villager (Male) |
| 30:42 | Create | Villager (Male) |
| 30:58 | Build | Farm |
Build order — GodAres1994
First 150 of 1379 actions detected
| 0:02 | Create | Villager (Male) |
| 0:02 | Create | Villager (Male) |
| 0:07 | Build | House |
| 0:11 | Build | House |
| 0:22 | Create | Villager (Male) |
| 0:22 | Create | Villager (Male) |
| 0:22 | Create | Villager (Male) |
| 0:22 | Create | Villager (Male) |
| 0:23 | Create | Villager (Male) |
| 1:56 | Create | Villager (Male) |
| 2:20 | Create | Villager (Male) |
| 2:40 | Create | Villager (Male) |
| 3:12 | Create | Villager (Male) |
| 3:12 | Create | Villager (Male) |
| 3:20 | Create | Villager (Male) |
| 3:26 | Build | House |
| 3:48 | Build | Mill |
| 3:50 | Create | Villager (Male) |
| 3:50 | Create | Villager (Male) |
| 4:43 | Create | Villager (Male) |
| 4:43 | Create | Villager (Male) |
| 5:13 | Build | House |
| 6:00 | Create | Villager (Male) |
| 6:15 | Create | Villager (Male) |
| 6:16 | Create | Villager (Male) |
| 6:16 | Create | Villager (Male) |
| 6:16 | Create | Villager (Male) |
| 6:16 | Create | Villager (Male) |
| 7:30 | Build | Lumber Camp |
| 7:59 | Create | Villager (Male) |
| 8:00 | Create | Villager (Male) |
| 8:00 | Create | Villager (Male) |
| 8:00 | Create | Villager (Male) |
| 8:48 | Build | Mining Camp |
| 9:35 | Research | Loom |
| 9:46 | Build | Mining Camp |
| 10:31 | Research | Feudal Age |
| 11:43 | Create | Villager (Male) |
| 12:02 | Build | House |
| 13:43 | Build | Blacksmith |
| 14:14 | Build | Market |
| 14:36 | Create | Villager (Male) |
| 14:36 | Create | Villager (Male) |
| 14:36 | Create | Villager (Male) |
| 14:37 | Create | Villager (Male) |
| 15:56 | Build | Stone Wall |
| 16:27 | Build | Farm |
| 16:38 | Build | Farm |
| 17:45 | Build | Farm |
| 17:57 | Build | Farm |
| 18:05 | Build | Farm |
| 18:11 | Build | Farm |
| 18:22 | Build | Farm |
| 18:31 | Build | Farm |
| 18:43 | Build | Farm |
| 18:51 | Build | Farm |
| 18:57 | Research | Castle Age |
| 19:40 | Build | Stone Wall |
| 19:58 | Create | Villager (Male) ×5 |
| 20:05 | Research | Double-Bit Axe |
| 20:09 | Research | Horse Collar |
| 20:16 | Research | Stone Mining |
| 20:43 | Build | Building 490 |
| 21:02 | Create | Villager (Male) |
| 21:14 | Build | Farm |
| 21:14 | Build | Farm |
| 21:14 | Build | Farm |
| 21:14 | Build | Farm |
| 21:14 | Build | Farm |
| 21:14 | Build | Farm |
| 21:14 | Build | Farm |
| 21:14 | Build | Farm |
| 21:14 | Build | Farm |
| 21:14 | Build | Farm |
| 21:14 | Build | Farm |
| 21:14 | Build | Farm |
| 21:14 | Build | Farm |
| 21:14 | Build | Farm |
| 21:14 | Build | Farm |
| 21:14 | Build | Farm |
| 21:14 | Build | Farm |
| 21:14 | Build | Farm |
| 21:37 | Research | Town Watch |
| 21:41 | Create | Villager (Male) |
| 21:51 | Build | House |
| 22:13 | Create | Villager (Male) |
| 22:14 | Create | Villager (Male) ×5 |
| 22:33 | Build | Town Center |
| 22:55 | Build | Town Center |
| 23:28 | Build | Castle |
| 24:41 | Build | Stone Wall |
| 25:08 | Research | Wheelbarrow |
| 25:27 | Research | Bow Saw |
| 25:31 | Research | Heavy Plow |
| 25:36 | Research | Gold Mining |
| 25:52 | Build | Farm |
| 25:52 | Build | Farm |
| 25:52 | Build | Farm |
| 25:52 | Build | Farm |
| 25:52 | Build | Farm |
| 25:52 | Build | Farm |
| 25:52 | Build | Farm |
| 25:52 | Build | Farm |
| 25:52 | Build | Farm |
| 25:52 | Build | Farm |
| 25:52 | Build | Farm |
| 25:53 | Build | Farm |
| 25:53 | Build | Farm |
| 25:53 | Build | Farm |
| 25:53 | Build | Farm |
| 25:53 | Build | Farm |
| 25:56 | Build | Farm |
| 25:56 | Build | Farm |
| 25:56 | Build | Farm |
| 25:56 | Build | Farm |
| 25:56 | Build | Farm |
| 25:57 | Build | Farm |
| 25:57 | Build | Farm |
| 25:57 | Build | Farm |
| 25:57 | Build | Farm |
| 25:57 | Build | Farm |
| 25:57 | Build | Farm |
| 25:57 | Build | Farm |
| 25:57 | Build | Farm |
| 25:57 | Build | Farm |
| 25:57 | Build | Farm |
| 25:57 | Build | Farm |
| 25:57 | Build | Farm |
| 25:57 | Build | Farm |
| 26:06 | Build | Farm |
| 26:06 | Build | Farm |
| 26:06 | Build | Farm |
| 26:06 | Build | Farm |
| 26:06 | Build | Farm |
| 26:06 | Build | Farm |
| 26:06 | Build | Farm |
| 26:07 | Build | Farm |
| 26:07 | Build | Farm |
| 26:07 | Build | Farm |
| 26:07 | Build | Farm |
| 26:07 | Build | House |
| 26:41 | Build | Barracks |
| 26:48 | Create | Villager (Male) ×5 |
| 26:48 | Create | Villager (Male) ×5 |
| 26:53 | Create | Villager (Male) |
| 26:53 | Create | Villager (Male) |
| 27:41 | Build | House |
| 27:50 | Create | War Elephant |
| 27:54 | Build | Farm |
| 27:54 | Build | Farm |
Build order — 羊驼驼咩
First 150 of 500 actions detected
| 0:13 | Build | House |
| 0:18 | Create | Villager (Male) |
| 0:18 | Create | Villager (Male) |
| 0:18 | Create | Villager (Male) |
| 0:18 | Create | Villager (Male) |
| 0:19 | Create | Villager (Male) |
| 0:39 | Build | House |
| 2:04 | Create | Villager (Male) |
| 2:36 | Build | Mill |
| 2:40 | Create | Villager (Male) |
| 2:54 | Create | Villager (Male) |
| 4:00 | Create | Villager (Male) |
| 4:40 | Create | Villager (Male) |
| 5:20 | Build | House |
| 5:28 | Create | Villager (Male) |
| 5:28 | Create | Villager (Male) |
| 5:56 | Build | House |
| 6:33 | Create | Villager (Male) |
| 6:56 | Build | House |
| 7:00 | Create | Villager (Male) |
| 7:01 | Create | Villager (Male) |
| 7:32 | Create | Villager (Male) |
| 8:22 | Create | Villager (Male) |
| 8:51 | Build | Lumber Camp |
| 9:07 | Create | Villager (Male) |
| 9:33 | Create | Villager (Male) |
| 9:49 | Research | Feudal Age |
| 10:16 | Build | Mining Camp |
| 11:51 | Build | Lumber Camp |
| 11:58 | Build | Mining Camp |
| 12:08 | Age | Feudal Age |
| 12:13 | Research | Wheelbarrow |
| 12:15 | Research | Horse Collar |
| 12:53 | Build | Farm |
| 12:57 | Build | Farm |
| 12:59 | Build | Farm |
| 13:01 | Build | Farm |
| 13:18 | Research | Double-Bit Axe |
| 13:28 | Research | Loom |
| 14:00 | Build | Farm |
| 14:03 | Create | Villager (Male) |
| 14:12 | Create | Villager (Male) |
| 14:34 | Build | Barracks |
| 14:38 | Create | Villager (Male) |
| 15:01 | Create | Villager (Male) |
| 15:02 | Create | Villager (Male) |
| 15:20 | Build | Farm |
| 15:42 | Build | Farm |
| 15:44 | Create | Villager (Male) |
| 15:49 | Build | Farm |
| 16:13 | Build | Farm |
| 16:17 | Create | Villager (Male) |
| 16:41 | Create | Villager (Male) |
| 16:42 | Create | Villager (Male) |
| 17:01 | Build | House |
| 17:34 | Build | Blacksmith |
| 17:37 | Create | Villager (Male) |
| 17:37 | Create | Villager (Male) |
| 17:38 | Create | Villager (Male) |
| 17:56 | Build | Farm |
| 18:22 | Build | House |
| 18:34 | Create | Villager (Male) |
| 18:54 | Build | Archery Range |
| 19:00 | Create | Villager (Male) |
| 19:00 | Create | Villager (Male) |
| 19:00 | Create | Villager (Male) |
| 19:04 | Build | House |
| 19:07 | Build | House |
| 19:34 | Build | Farm |
| 19:58 | Build | Farm |
| 20:11 | Create | Villager (Male) |
| 20:18 | Build | Farm |
| 20:22 | Build | House |
| 20:24 | Build | House |
| 20:30 | Research | Castle Age |
| 21:22 | Build | House |
| 21:56 | Build | Market |
| 22:07 | Build | Farm |
| 22:10 | Build | Farm |
| 22:12 | Build | Farm |
| 22:20 | Build | House |
| 22:22 | Build | House |
| 22:23 | Build | House |
| 23:23 | Age | Castle Age |
| 23:24 | Research | Hand Cart |
| 23:24 | Research | Hand Cart |
| 23:27 | Research | Heavy Plow |
| 23:29 | Research | Bow Saw |
| 23:38 | Build | Town Center |
| 23:58 | Build | Castle |
| 24:30 | Build | Mining Camp |
| 24:53 | Create | Villager (Male) |
| 24:53 | Create | Villager (Male) |
| 24:54 | Create | Villager (Male) |
| 24:54 | Create | Villager (Male) |
| 25:08 | Build | Lumber Camp |
| 25:26 | Build | University |
| 25:34 | Create | Villager (Male) |
| 25:35 | Create | Villager (Male) |
| 25:35 | Create | Villager (Male) |
| 25:35 | Create | Villager (Male) |
| 25:35 | Create | Villager (Male) |
| 25:36 | Create | Villager (Male) |
| 25:36 | Create | Villager (Male) |
| 25:45 | Create | Trade Cart |
| 25:54 | Create | Villager (Male) |
| 25:54 | Create | Villager (Male) |
| 25:54 | Create | Villager (Male) |
| 25:55 | Create | Villager (Male) |
| 25:55 | Create | Villager (Male) |
| 25:55 | Create | Villager (Male) |
| 25:55 | Create | Villager (Male) |
| 25:56 | Create | Villager (Male) |
| 25:56 | Create | Villager (Male) |
| 26:02 | Build | Farm |
| 26:09 | Build | Farm |
| 26:19 | Build | Farm |
| 27:28 | Create | Villager (Male) |
| 27:28 | Create | Villager (Male) |
| 27:34 | Research | Gold Mining |
| 27:38 | Create | Villager (Male) |
| 27:39 | Create | Villager (Male) |
| 27:39 | Create | Villager (Male) |
| 27:39 | Create | Villager (Male) |
| 27:47 | Research | Stone Mining |
| 28:36 | Research | Tech 1070 |
| 28:40 | Research | Arson |
| 28:41 | Research | Squires |
| 28:50 | Create | Villager (Male) |
| 28:51 | Create | Villager (Male) |
| 28:58 | Build | Farm |
| 29:19 | Create | Trade Cart |
| 30:14 | Create | Villager (Male) |
| 30:14 | Create | Villager (Male) |
| 30:14 | Create | Villager (Male) |
| 30:15 | Create | Villager (Male) |
| 30:50 | Research | Gold Shaft Mining |
| 30:57 | Research | Masonry |
| 31:06 | Create | Villager (Male) |
| 31:07 | Create | Villager (Male) |
| 31:07 | Create | Villager (Male) |
| 31:46 | Build | Town Center |
| 32:07 | Research | Imperial Age |
| 32:20 | Create | Villager (Male) |
| 32:20 | Create | Villager (Male) |
| 32:21 | Create | Villager (Male) |
| 32:41 | Build | Farm |
| 32:42 | Build | Farm |
| 32:46 | Build | Farm |
| 32:51 | Build | House |
Match timeline
| 10:27 | QuimWins · wall_segment Stone Wall x14 |
| 10:53 | Lukrat · first_building Barracks |
| 10:59 | QuimWins · wall_segment Stone Wall x13 |
| 11:12 | ngoodnight01 · first_building Barracks |
| 12:08 | 羊驼驼咩 · age_up feudal |
| 12:18 | QuimWins · wall_segment Stone Wall x5 |
| 12:29 | QuimWins · wall_segment Stone Wall x1 |
| 12:40 | julien315550 · age_up feudal |
| 12:46 | Storm_Angel · age_up feudal |
| 13:33 | Lukrat · age_up feudal |
| 13:53 | Storm_Angel · first_building Barracks |
| 14:17 | Lukrat · first_building Archery Range |
| 14:34 | 羊驼驼咩 · first_building Barracks |
| 15:12 | ngoodnight01 · first_building Archery Range |
| 15:56 | GodAres1994 · wall_segment Stone Wall x22 |
| 16:30 | Storm_Angel · first_building Archery Range |
| 16:43 | Storm_Angel · wall_segment Stone Wall x20 |
| 17:33 | Storm_Angel · first_building Stable |
| 17:50 | Lukrat · wall_segment Stone Wall x13 |
| 18:18 | Lukrat · wall_segment Stone Wall x1 |
| 18:32 | ngoodnight01 · wall_segment Stone Wall x10 |
| 18:54 | 羊驼驼咩 · first_building Archery Range |
| 19:40 | GodAres1994 · wall_segment Stone Wall x19 |
| 19:47 | ngoodnight01 · wall_segment Stone Wall x5 |
| 19:50 | Lukrat · wall_segment Stone Wall x32 |
| 20:12 | ngoodnight01 · first_building Stable |
| 20:46 | ngoodnight01 · wall_segment Stone Wall x2 |
| 20:50 | QuimWins · first_building Barracks |
| 21:26 | ngoodnight01 · wall_segment Stone Wall x8 |
| 21:33 | QuimWins · wall_segment Stone Wall x1 |
| 21:48 | QuimWins · first_building Archery Range |
| 22:24 | Storm_Angel · wall_segment Stone Wall x28 |
| 22:39 | georgi_atanasov · first_building Barracks |
| 23:20 | ngoodnight01 · wall_segment Stone Wall x7 |
| 23:23 | 羊驼驼咩 · age_up castle |
| 23:28 | GodAres1994 · first_building Castle |
| 23:58 | 羊驼驼咩 · first_building Castle |
| 24:10 | georgi_atanasov · age_up feudal |
| 24:37 | julien315550 · age_up castle |
| 24:41 | GodAres1994 · wall_segment Stone Wall x5 |
| 25:27 | Storm_Angel · age_up castle |
| 26:41 | GodAres1994 · first_building Barracks |
| 26:50 | Storm_Angel · first_building Siege Workshop |
| 27:44 | georgi_atanasov · age_up castle |
| 27:49 | georgi_atanasov · first_building Castle |
| 27:50 | Lukrat · age_up castle |
| 27:50 | ngoodnight01 · first_building Castle |
| 28:36 | QuimWins · first_building Castle |
| 28:55 | GodAres1994 · first_building Stable |
| 29:55 | QuimWins · first_market_sell 100 food |
| 30:18 | Storm_Angel · first_building Castle |
| 30:30 | ngoodnight01 · first_building Monastery |
| 31:00 | georgi_atanasov · age_up imperial |
| 31:07 | ngoodnight01 · wall_segment Stone Wall x35 |
| 31:10 | Lukrat · first_building Monastery |
| 31:37 | Storm_Angel · first_building Monastery |
| 31:38 | Lukrat · first_building Castle |
| 33:26 | julien315550 · first_building Castle |
| 33:31 | QuimWins · first_building Monastery |
| 33:31 | Storm_Angel · wall_segment Stone Wall x6 |
| 33:38 | Storm_Angel · wall_segment Stone Wall x44 |
| 34:02 | Lukrat · wall_segment Stone Wall x11 |
| 34:08 | Lukrat · wall_segment Stone Wall x16 |
| 35:25 | 羊驼驼咩 · age_up imperial |
| 35:29 | ngoodnight01 · first_building Siege Workshop |
| 35:59 | Lukrat · wall_segment Stone Wall x29 |
| 36:06 | 羊驼驼咩 · first_building Siege Workshop |
| 37:09 | QuimWins · first_building Siege Workshop |
| 37:59 | ngoodnight01 · wall_segment Stone Wall x12 |
| 38:47 | ngoodnight01 · first_market_buy 100 food |
| 38:50 | GodAres1994 · first_building Archery Range |
| 39:21 | julien315550 · first_building Barracks |
| 39:53 | ngoodnight01 · wall_segment Stone Wall x9 |
| 40:12 | julien315550 · first_building Stable |
| 40:17 | julien315550 · age_up imperial |
| 40:38 | Lukrat · age_up imperial |
| 40:50 | Storm_Angel · wall_segment Stone Wall x10 |
| 41:16 | ngoodnight01 · wall_segment Stone Wall x7 |
| 41:29 | Storm_Angel · age_up imperial |
| 42:05 | ngoodnight01 · first_market_sell 100 food |
| 42:39 | julien315550 · first_market_sell 100 food |
| 44:17 | QuimWins · wall_segment Stone Wall x6 |
| 44:30 | QuimWins · wall_segment Stone Wall x6 |
| 44:37 | QuimWins · wall_segment Stone Wall x5 |
| 44:55 | julien315550 · first_building Monastery |
| 45:38 | QuimWins · wall_segment Stone Wall x9 |
| 46:40 | QuimWins · wall_segment Stone Wall x4 |
| 47:12 | QuimWins · wall_segment Stone Wall x5 |
| 51:09 | 羊驼驼咩 · first_market_sell 500 wood |
| 55:18 | Lukrat · first_building Stable |
| 58:07 | Storm_Angel · wall_segment Stone Wall x10 |
| 58:21 | Storm_Angel · wall_segment Stone Wall x9 |
| 59:22 | georgi_atanasov · first_building Stable |
| 60:53 | Lukrat · first_market_sell 500 wood |
| 62:10 | Storm_Angel · wall_segment Stone Wall x15 |
| 62:15 | GodAres1994 · first_market_buy 100 stone |
| 64:18 | QuimWins · resign |
| 65:12 | Lukrat · first_building Siege Workshop |
| 67:07 | georgi_atanasov · first_market_sell 500 wood |
| 69:21 | Storm_Angel · first_market_sell 500 wood |
| 69:26 | Storm_Angel · first_market_buy 100 stone |
| 70:32 | Storm_Angel · wall_segment Stone Wall x21 |
| 74:31 | 羊驼驼咩 · first_market_buy 100 stone |
| 79:14 | Lukrat · first_building Dock |
| 81:04 | GodAres1994 · first_market_sell 500 food |
| 89:36 | Lukrat · wall_segment Stone Wall x6 |
| 90:48 | Lukrat · wall_segment Stone Wall x4 |
| 93:37 | Lukrat · wall_segment Stone Wall x5 |
| 94:52 | Lukrat · wall_segment Stone Wall x10 |
| 96:31 | Lukrat · first_market_buy 100 stone |
[ AI ANALYSIS · 1 CREDIT ]
What really happened in this match?
Wolo.gg analyzes every decision: build order, eco, micro, common mistakes by bracket. Personalized analysis on WhatsApp or Discord in 30 seconds.
Civ guide
Bengalis
Map guide
Oasis
Perfil
Lukrat